 Dungeon Sprint DCSS version 0.28.0-43-g3370ac3207 (webtiles) character file.

Game seed: 186442713075942092

8943 Groucho the Ninja (level 11, -16/63 HPs)
             Began as a Felid Berserker on Mar 8, 2022.
             Was an Elder of Trog.
             Shot with an arrow by a deep elf master archer (42 damage)
             ... in the Dungeon (Sprint I: "Red Sonja").
             The game lasted 00:24:32 (4421 turns).

Groucho the Ninja (Felid Berserker)                 Turns: 4421, Time: 00:24:32

Health: -16/63     AC:  3    Str: 13    XL:     11   Next: 16%
Magic:  12/12      EV: 37    Int: 10    God:    Trog [****..]
Gold:   2227       SH:  0    Dex: 21    Spells: 10/10 levels left
                                        Lives:  0   Deaths: 2

rFire   + . .      SeeInvis +     - Unarmed
rCold   + . .      Faith    .   (shield unavailable)
rNeg    . . .      Spirit   .   (armour unavailable)
rPois   +          Reflect  .   (helmet unavailable)
rElec   .          Harm     .   (cloak unavailable)
rCorr   +          Rampage  .   (gloves unavailable)
Will    +....      NoTele   +   (boots unavailable)
Stlth   ++++++++++              k - amulet of Famap {Acrobat rF+ rCorr Dex+2}
HPRegen 0.20/turn               s - ring of poison resistance
MPRegen 0.13/turn               j - ring of flight

@: flying, quick
A: very small, claws 1, fangs 3, see invisible, speed 1, shaggy fur 3, stealthy
paws, no weapons or thrown items, no armour, multi-lived
a: Renounce Religion, Berserk, Trog's Hand, Brothers in Arms


You were in the Dungeon.
You worshipped Trog.
Trog was greatly pleased with you.
You visited 1 branch You collected 3157 gold pieces.
You spent 930 gold pieces at shops.

Inventory:

Jewellery
 f - the ring "Adghy" {rC+ rN+}
   (You found it in the Dungeon)

   [ring of positive energy]

   rC:        It protects you from cold.
   rN:        It protects you from negative energy.
 j - a ring of flight (right paw)
 k - the amulet of Famap (around neck) {Acrobat rF+ rCorr Dex+2}
   (You bought it in a shop in the Dungeon)

   [amulet of the acrobat]

   It increases your evasion while moving and waiting.
   Dex:       It affects your dexterity (+2).
   rF:        It protects you from fire.
   rCorr:     It protects you from acid and corrosion.
 s - a ring of poison resistance (left paw)
Wands
 e - a wand of polymorph (8)
 i - a wand of paralysis (5)
 m - a wand of iceblast (9)
Scrolls
 h - a scroll of identify
 o - a scroll of immolation {unknown}
 p - a scroll of enchant armour {unknown}
 q - a scroll of amnesia {unknown}
Potions
 a - 2 potions of curing
 c - a potion of haste
 d - 2 potions of magic
 g - a potion of invisibility
 n - a potion of ambrosia {unknown}
 r - a potion of degeneration {unknown}
 t - a potion of mutation {unknown}


   Skills:
 + Level 16.5 Fighting
 + Level 20.9 Dodging
 O Level 27 Stealth
 + Level 16.5 Unarmed Combat
 + Level 6.4 Evocations


You had 10 spell levels left.
You didn't know any spells.
Your spell library was empty.

Dungeon Overview and Level Annotations

Branches:
Dungeon (1/1)

Altars:
Cheibriados
Dithmenos
Elyvilon
Fedhas
Gozag
Hepliaklqana
Kikubaaqudgha
Makhleb
Nemelex Xobeh
Okawaru
Qazlal
Ru
Sif Muna
Trog
Uskayaw
Vehumet
Wu Jian
Xom
Yredelemnul
Zin
The Shining One
Jiyva
Lugonu

Shops:
D [(?*[?=!*!([**!(=!![([


Innate Abilities, Weirdness & Mutations

You have sharp claws.
You have razor-sharp teeth.
You have supernaturally acute eyesight. (SInv)
You cover ground quickly. (Speed+)
Your thick and shaggy fur keeps you warm. (AC +3, rC+)
Your paws help you pounce on unaware monsters.
You are incapable of wielding weapons or throwing items.
You cannot wear armour.
You gain extra lives every three experience levels.


Message History

There is an open door here.
The deep elf master archer shoots an arrow.
The arrow completely misses you.
Really fly into a travel-excluded area? [Y]es or [N]o only, please.
Really fly into a travel-excluded area?
Okay, then.
Aiming: Paralyse
Press: ? - help, Shift-Dir - straight line, f - deep elf master archer
Aim: a deep elf master archer, wielding a +0 longbow, wearing a +0 leather armour and quivering arrows (heavily wounded, chance to affect: 6%)
The deep elf master archer resists with almost no effort.
The deep elf master archer shoots an arrow.
The arrow hits you!!
Unknown command.
Aiming: Iceblast
Press: ? - help, Shift-Dir - straight line, p - deep elf master archer
Okay, then.
Really fly into a travel-excluded area?
Really fly into a travel-excluded area?
You start resting.
A deep elf master archer is nearby!
Aiming: Iceblast
Press: ? - help, Shift-Dir - straight line, f/p - deep elf master archer
Aim: a deep elf master archer, wielding a +0 longbow, wearing a +0 leather armour and quivering arrows (moderately wounded)
The mass of ice explodes!
The iceblast engulfs the deep elf master archer!
The deep elf master archer is heavily wounded.
Unknown command.
Aiming: Iceblast
Press: ? - help, Shift-Dir - straight line, f/p - deep elf master archer
Aim: a deep elf master archer, wielding a +0 longbow, wearing a +0 leather armour and quivering arrows (heavily wounded)
The mass of ice explodes!
The iceblast engulfs the deep elf master archer!!
The deep elf master archer is severely wounded.
The deep elf master archer shoots an arrow.
The arrow hits you!
The deep elf master archer shoots an arrow.
The arrow hits you!!!
Ouch! That really hurt!
You die...

'..##§§§.......##°#
##'##..........#$$#
#≈≈≈##........##$$#
#≈≈≈≈##..[)).##$○○#
#≈≈≈≈≈########.○○○#
##≈≈≈≈#≈≈≈≈≈#..○○°#
.#'≈≈≈'≈≈.≈≈'○.○○°#
..##≈≈#≈≈≈≈≈#≈○☼..#
...######'#####≈@≈#
...#≈≈≈≈≈≈≈≈≈≈##≈≈#
#####≈≈e≈≈≈≈≈≈≈≈≈≈#
#|"'$$e†≈e≈≈≈≈#≈≈#
')[#$$$$$$$$e≈≈#≈#
# ###############


You could see a deep elf master archer.

Vanquished Creatures
  the Lernaean hydra (D)
  A golden dragon (D)
  A shadow dragon (D)
  A lorocyproca (D)
  A deep elf annihilator (D)
  A mummy priest (D)
  A hydra (D)
  2 centaur warriors (D)
  Sonja (D)
  A deep troll (D)
  A lindwurm (D)
  2 oklob plants (D)
  2 merfolk sirens (D)
  A gargoyle (D)
  7 unseen horrors (D)
  A hellwing (D)
  A hornet (D)
  A slime creature (D)
  Sigmund (D)
  13 hogs (D)
  A yak (D)
  2 redbacks (D)
  2 floating eyes (D)
  7 necrophages (D)
  An ogre (D)
  8 jellies (D)
  Ijyb (D)
63 creatures vanquished.

Vanquished Creatures (collateral kills)
  4 fire giants (D)
  8 shining eyes (D)
  A gargoyle (D)
  4 demonic crawlers (D)
  2 kobold demonologists (D)
  A hornet (D)
  5 floating eyes (D)
  A ballistomycete spore (D)
26 creatures vanquished.

Vanquished Creatures (others)
  3 hornets (D)
  A ballistomycete spore (D)
4 creatures vanquished.

Grand Total: 93 creatures vanquished

Notes
Turn   | Place    | Note
-------+----------+-------------------------------------------
     0 | D        | Groucho the Felid Berserker began the quest for the Orb.
     0 | D        | Reached XP level 1. HP: 10/10 MP: 2/2
     2 | D        | Noticed Ijyb
    11 | D        | Killed Ijyb
    12 | D        | Reached skill level 8 in Stealth
    12 | D        | Reached XP level 2. HP: 13/14 MP: 3/3
   221 | D        | Noticed an ogre
   224 | D        | HP: 1/21 [ogre/+0 giant club (20)]
   226 | D        | Killed an ogre
   227 | D        | Reached skill level 12 in Stealth
   227 | D        | Reached XP level 3. HP: 1/17 MP: 4/4
   227 | D        | Reached XP level 4. HP: 1/21 MP: 5/5
   804 | D        | Noticed Sigmund
   806 | D        | Killed Sigmund
   806 | D        | Reached ** piety under Trog
   807 | D        | Reached skill level 16 in Stealth
   807 | D        | Reached XP level 5. HP: 24/24 MP: 6/6
   819 | D        | Found a shimmering blue altar of Sif Muna.
   820 | D        | Found an ornate altar of the Wu Jian Council.
   821 | D        | Found a radiant altar of Vehumet.
   826 | D        | Reached skill level 17 in Stealth
   826 | D        | Gained mutation: You are covered in thick fur. (AC +2)
                  | [Felid growth]
   826 | D        | Reached XP level 6. HP: 28/28 MP: 7/7
   842 | D        | Found Suirud's General Store.
   842 | D        | Found an ancient bone altar of Kikubaaqudgha.
   842 | D        | Found a hazy altar of Hepliaklqana.
   842 | D        | Found a stormy altar of Qazlal.
   842 | D        | Found a hide-covered altar of Uskayaw.
   842 | D        | Found a blossoming altar of Fedhas.
   842 | D        | Found a bloodstained altar of Trog.
   842 | D        | Found an iron altar of Okawaru.
   842 | D        | Found a basalt altar of Yredelemnul.
   842 | D        | Found a glowing golden altar of the Shining One.
   842 | D        | Found a snail-covered altar of Cheibriados.
   842 | D        | Found a sacrificial altar of Ru.
   842 | D        | Found a glowing silver altar of Zin.
   842 | D        | Found a shadowy altar of Dithmenos.
   842 | D        | Found a white marble altar of Elyvilon.
   842 | D        | Noticed a yak
   843 | D        | Found an opulent altar of Gozag.
   844 | D        | Killed a yak
   845 | D        | Reached skill level 19 in Stealth
   865 | D        | Found a sparkling altar of Nemelex Xobeh.
   883 | D        | Found a burning altar of Makhleb.
   883 | D        | Found a shimmering altar of Xom.
   883 | D        | Noticed a slime creature
   884 | D        | Found a viscous altar of Jiyva.
   884 | D        | Found a corrupted altar of Lugonu.
   886 | D        | Killed a slime creature
   887 | D        | Reached skill level 5 in Dodging
   887 | D        | Reached XP level 7. HP: 32/32 MP: 8/8
   908 | D        | Noticed a centaur warrior
   912 | D        | Noticed a centaur warrior
   913 | D        | Killed a centaur warrior
   913 | D        | Reached *** piety under Trog
   914 | D        | Reached skill level 20 in Stealth
   914 | D        | Reached XP level 8. HP: 39/39 MP: 9/9
   915 | D        | Killed a centaur warrior
   916 | D        | Reached skill level 21 in Stealth
   926 | D        | Noticed a hornet
   929 | D        | Killed a hornet
   930 | D        | Reached skill level 10 in Dodging
   930 | D        | Reached XP level 9. HP: 44/44 MP: 10/10
   939 | D        | Noticed an oklob plant
   941 | D        | Killed an oklob plant
   941 | D        | Reached **** piety under Trog
   953 | D        | Reached skill level 22 in Stealth
   975 | D        | Noticed an unseen horror
   976 | D        | Noticed an unseen horror
   982 | D        | Killed an unseen horror
   984 | D        | Killed an unseen horror
   984 | D        | Reached ***** piety under Trog
  1530 | D        | Reached skill level 10 in Fighting
  1531 | D        | Reached skill level 10 in Unarmed Combat
  1531 | D        | Reached XP level 10. HP: 51/51 MP: 11/11
  1532 | D        | Reached ****** piety under Trog
  1537 | D        | Identified the ring "Adghy" {rC+ rN+}
  1557 | D        | Found Boqeinama's Distillery.
  1557 | D        | Found Sulin's Jewellery Shop.
  1557 | D        | Found Reytocs's General Store.
  1559 | D        | Found Rootyoxt's Distillery.
  1559 | D        | Found Ithreulo's Weapon Shop.
  1559 | D        | Found Lautiups's Armour Shoppe.
  1559 | D        | Found Wonereny's General Store.
  1559 | D        | Found Siulabb's Assorted Antiques.
  1559 | D        | Found Osiror's Distillery.
  1559 | D        | Found Quosygeiqo's Antique Weapon Shoppe.
  1563 | D        | Found Eqemn's Jewellery Boutique.
  1564 | D        | Found Kieqot's Distillery.
  1564 | D        | Found Baygif's Distillery.
  1565 | D        | Found Wumisab's Antique Weapon Emporium.
  1579 | D        | Bought a ring of flight for 192 gold pieces
  1589 | D        | Bought the amulet of Famap {Acrobat rF+ rCorr Dex+2} for
                  | 538 gold pieces
  1630 | D        | Noticed a deep troll
  1632 | D        | Killed a deep troll
  1633 | D        | Reached skill level 23 in Stealth
  1644 | D        | Found Degrag's Armour Emporium.
  1660 | D        | Noticed Sonja
  1663 | D        | Killed Sonja
  1677 | D        | Found Jeremanei's Antique Armour Boutique.
  1945 | D        | Noticed a gargoyle
  1950 | D        | Killed a gargoyle
  1956 | D        | Reached skill level 24 in Stealth
  1960 | D        | Reached skill level 15 in Dodging
  2199 | D        | Noticed a lindwurm
  2207 | D        | Killed a lindwurm
  2521 | D        | Reached XP level 11. HP: 57/57 MP: 12/12
  2541 | D        | Noticed a 12-headed hydra
  2543 | D        | Killed a 12-headed hydra
  2611 | D        | Noticed a shadow dragon
  2611 | D        | Noticed a golden dragon
  2616 | D        | Killed a shadow dragon
  2617 | D        | Reached skill level 25 in Stealth
  2618 | D        | Killed a golden dragon
  2685 | D        | Found Foophour's Antique Armour Shoppe.
  2751 | D        | Noticed a daeva
  2780 | D        | Noticed a fire giant
  2783 | D        | Noticed a fire giant
  2784 | D        | Noticed a fire giant
  2785 | D        | Noticed a fire giant
  2799 | D        | Killed a fire giant
  2800 | D        | Reached skill level 26 in Stealth
  2801 | D        | Killed a fire giant
  2802 | D        | Gained mutation: Your thick and shaggy fur keeps you warm.
                  | (AC +3, rC+) [Felid growth]
  2802 | D        | Reached XP level 12. HP: 64/64 MP: 13/13
  2811 | D        | Killed a fire giant
  2830 | D        | Killed a fire giant
  2932 | D        | Paralysed by a floating eye for 2 turns
  2934 | D        | Reached skill level 15 in Fighting
  2934 | D        | Reached skill level 15 in Unarmed Combat
  2936 | D        | Reached skill level 27 in Stealth
  2947 | D        | Found Xycel's Antique Weapon Shoppe.
  2947 | D        | Found Ummacva's Armour Shop.
  2947 | D        | Found Deezas's Magic Scroll Emporium.
  2947 | D        | Found Puak's Magic Scroll Boutique.
  3099 | D        | Bought a ring of poison resistance for 200 gold pieces
  3181 | D        | Noticed a lorocyproca
  3186 | D        | Killed a lorocyproca
  3187 | D        | Reached skill level 1 in Evocations
  3546 | D        | Noticed a deep elf annihilator
  3561 | D        | Noticed a mummy priest
  3565 | D        | Noticed a jiangshi
  3569 | D        | Mangled by a hornet
  3569 | D        | Paralysed by a hornet for 3 turns
  3570 | D        | Reached XP level 11. HP: -9/62 MP: 12/12
  3686 | D        | Killed a deep elf annihilator
  3984 | D        | Noticed an oklob plant
  3991 | D        | Killed an oklob plant
  3995 | D        | Killed a mummy priest
  4006 | D        | Reached skill level 5 in Evocations
  4374 | D        | Noticed the 27-headed Lernaean hydra
  4378 | D        | Killed the 27-headed Lernaean hydra
  4379 | D        | Reached XP level 12. HP: 67/67 MP: 13/13
  4395 | D        | Noticed a deep elf master archer
  4403 | D        | Shot with an arrow by a deep elf master archer
  4404 | D        | Reached XP level 11. HP: -6/63 MP: 12/12
  4421 | D        | Shot with an arrow by a deep elf master archer

Illustrated notes

Levels and vault maps discovered:
D:        dungeon_sprint_1 [red_sonja_temple_1, red_sonja_temple_small_1]

Skill      XL: |  1  2  3  4  5  6  7  8  9 10 11 12 |
---------------+-------------------------------------+-----
Stealth        | 8 12 16 17 19 20 21 22 24 26 27 | 27.0
Fighting       | 4 6 7 10 12 16 15 | 16.5
Dodging        | 5 8 10 12 15 18 20 | 20.9
Unarmed Combat | 4 6 7 10 12 16 15 | 16.5
Evocations     | 6 2 |  6.4

Action                   |  1- 3 |  4- 6 |  7- 9 | 10-12 || total
-------------------------+-------+-------+-------+-------++-------
Melee: Unarmed           |     8 |     4 |    29 |   107 ||   148
       Bite              |     1 |       |     1 |    14 ||    16
       Punch             |     1 |       |     1 |    10 ||    12
Invok: Berserk           |     1 |       |     2 |     3 ||     6
       Trog's Hand       |       |       |     1 |     6 ||     7
       Brothers in Arms  |       |       |       |    17 ||    17
Evoke: Wand              |       |       |       |     3 ||     3
  Use: Potion            |     1 |       |       |     2 ||     3
       Scroll            |       |       |     1 |     2 ||     3
 Stab: Sleeping          |       |     4 |    15 |    23 ||    42
Armor: Skin              |       |       |       |     2 ||     2
Dodge: Dodged            |     2 |       |     7 |   166 ||   175
